 Dungeon Crawl Stone Soup version 0.30-a0-305-g026cb31310 (webtiles) character file.

Game seed: 18100102061363009887

70 koil the Sneak (level 4, -3/23 HPs)
             Began as a Spriggan Brigand on Oct 23, 2022.
             Slain by a goblin
             ... wielding a +0 dagger
             ... led by Robin
              (5 damage)
             ... on level 2 of the Dungeon.
             The game lasted 00:02:25 (899 turns).

koil the Sneak (Spriggan Brigand)                    Turns: 899, Time: 00:02:26

Health: -3/23      AC:  3    Str:  7    XL:     4   Next: 4%
Magic:  7/7        EV: 17    Int: 14    God:
Gold:   33         SH:  0    Dex: 16    Spells: 6/6 levels left

rFire   . . .      SeeInvis +    a - +2 dagger
rCold   . . .      Faith    .    (no shield)
rNeg    . . .      Spirit   .    m - +0 robe
rPois   .          Reflect  .    (helmet restricted)
rElec   .          Harm     .    c - +0 cloak
rCorr   .          Rampage  .    (gloves unavailable)
Will    .....                    (boots unavailable)
Stlth   +++.......               (no amulet)
HPRegen 0.23/turn                (no ring)
MPRegen 0.10/turn                (no ring)

@: very quick
A: very small, no large weapons, unfitting armour, see invisible, speed 3
a: no special abilities


You were on level 2 of the Dungeon.
You visited 1 branch of the dungeon, and saw 2 of its levels.

You collected 33 gold pieces.

Inventory:

Hand Weapons
 a - a +2 dagger (weapon)
Missiles
 d - 7 poisoned darts (quivered)
 e - 3 curare-tipped darts
Armour
 b - a +0 robe
 c - a +0 cloak (worn)
 m - a +0 robe (worn)
Scrolls
 f - a scroll of fog {unknown}
 j - 3 scrolls of identify {unknown}
 k - a scroll of fear {unknown}
Potions
 g - a potion of heal wounds {unknown}
 h - 3 potions of curing {unknown}
 i - a potion of might {unknown}
 l - a potion of brilliance {unknown}


   Skills:
 + Level 2.1 Fighting
 + Level 2.8 Short Blades
 - Level 2.0 Throwing
 + Level 2.5 Dodging
 + Level 6.4 Stealth
 + Level 1.9 Spellcasting


You had 6 spell levels left.
You didn't know any spells.
Your spell library contained the following spells:

 Spells                   Type           Power      Damage    Failure   Level
 Blink                    Tloc           2%         N/A       36%         2
 Momentum Strike          Conj/Tloc      2%         3d8       36%         2
 Lesser Beckoning         Tloc           2%         N/A       58%         3


Dungeon Overview and Level Annotations

Branches:
Dungeon (2/15)

Altars:

Annotations:
D:2 Robin


Innate Abilities, Weirdness & Mutations

You are very small and have problems with some larger weapons.
You are too small for most types of armour.
You have supernaturally acute eyesight. (SInv)
You cover ground extremely quickly. (Speed+++)


Message History

The goblin closely misses you. The goblin hits you with a +0 dagger.
You closely miss the goblin. The goblin closely misses you.
The goblin misses you.
You barely miss the goblin. The goblin barely misses you.
A goblin comes into view. It is wielding a +0 dagger.
The goblin hits you but does no damage.
Unknown command.
You hit the goblin.
The goblin is severely wounded.
You closely miss the goblin.
The goblin is severely wounded.
The goblin hits you with a +0 dagger.
* * * LOW HITPOINT WARNING * * *
The goblin hits you with a +0 dagger.
* * * LOW HITPOINT WARNING * * *
You hit the goblin.
You kill the goblin!
The goblin hits you with a +0 dagger.
* * * LOW HITPOINT WARNING * * *
A goblin comes into view. It is wielding a +0 club.
Robin throws the goblin at you!
You see here a +0 dagger.
You barely miss the goblin.
A goblin comes into view. It is wielding a +0 club.
The goblin misses you. The goblin barely misses you.
You hit the goblin.
The goblin is severely wounded.
You barely miss the goblin. You punch the goblin, but do no damage.
The goblin is severely wounded.
The goblin misses you. The goblin closely misses you.
The goblin shouts!
You hit the goblin.
You kill the goblin!
Robin throws the goblin at you! The goblin closely misses you.
The goblin shouts!
You hit the goblin.
The goblin is heavily wounded.
The goblin no longer looks unusually strong. x2
The goblin completely misses you. The goblin hits you with a +0 dagger.
You die...

... #.#....##.# ...
#.#.#..##.# ..
#......##.# ..
###.......# #.
####.#### ##### #.
#.# g.g..###.### #.#
.....g.....#######.#
......###..ggggg@g.#
....<.g..gg#########
...........#
..##..##.#.#
......##.#.#
###.......#
..###.### ### #.#
...


You could see Robin, a hobgoblin (strong) and 6 goblins.

Vanquished Creatures
  A gnoll (D:1)
  3 adders (D:2)
  A worm (D:2)
  A ball python (D:1)
  3 endoplasms (D:1)
  7 goblins
  4 hobgoblins (D:1)
  3 jackals (D:1)
  A quokka (D:1)
  A bat (D:1)
  3 frilled lizards (D:1)
  A kobold (D:1)
29 creatures vanquished.

Notes
Turn   | Place    | Note
-------+----------+-------------------------------------------
     0 | D:1      | koil the Spriggan Brigand began the quest for the Orb.
     0 | D:1      | Reached XP level 1. HP: 10/10 MP: 2/2
   158 | D:1      | Reached skill level 6 in Stealth
   164 | D:1      | Reached XP level 2. HP: 15/15 MP: 2/4
   508 | D:1      | Reached skill level 1 in Spellcasting
   608 | D:1      | Reached XP level 3. HP: 18/18 MP: 4/6
   864 | D:2      | Noticed Robin
   888 | D:2      | Reached XP level 4. HP: 11/23 MP: 7/7
   893 | D:2      | HP: 1/23 [goblin/+0 dagger[Robin] (3)]
   899 | D:2      | Slain by a goblin

Illustrated notes

Levels and vault maps discovered:
D:1:      eino_arrival_tree_alley, layout_loops_ring
D:2:      layout_loops_cross, uniq_robin

Skill      XL: |  1  2  3 |
---------------+----------+-----
Stealth        | 6 |  6.4
Dodging        | 2 |  2.5
Spellcasting   | 1 |  1.9
Fighting       | 2 |  2.1
Short Blades   | |  2.8
Throwing       | |  2.0

Action                   |  1- 3 |  4- 6 || total
-------------------------+-------+-------++-------
Melee: Dagger            |    77 |    11 ||    88
       Punch             |     1 |     1 ||     2
Throw: Dart              |    13 |       ||    13
 Stab: Sleeping          |     6 |       ||     6
Armor: Robe              |    11 |     1 ||    12
Dodge: Dodged            |    36 |    10 ||    46

Table legend: (Time is in decaauts)
 A = Elapsed time spent in this place.
 B = Non-inter-level travel time spent in this place.
 C = Inter-level travel time spent in this place.
 D = Time resting spent in this place.
 E = Time spent auto-exploring this place.
 F = Levels seen in this place.
 G = Mean time per level.
                   A        B        C        D        E       F      G
               +--------+--------+--------+--------+--------+-----+--------+
         Total |    621 |    615 |      6 |      0 |    415 |   2 |  310.5 |
       Dungeon |    621 |    615 |      6 |      0 |    415 |   2 |  310.5 |
               +--------+--------+--------+--------+--------+-----+--------+

Top non-repeatable levels by time:
     D:1: 523 daAuts
     D:2: 98 daAuts
